 Dungeon Crawl Stone Soup version 0.31-a0-1626-g5cb510d322 (webtiles) character file.

Game seed: 14526690484226031327

231 swappor the Chopper (level 5, -3/46 HPs)
             Began as a Minotaur Berserker on Jan 13, 2024.
             Was a Priest of Trog.
             Slain by Edmund
             ... wielding a +2 heavy flail
              (17 damage)
             ... on level 4 of the Dungeon.
             The game lasted 00:11:34 (2506 turns).

swappor the Chopper (Minotaur Berserker)            Turns: 2506, Time: 00:11:35

Health: -3/46      AC: 18    Str: 30    XL:     5   Next: 72%
Magic:  4/4        EV:  9    Int:  4    God:    Trog [***...]
Gold:   227        SH:  0    Dex:  9    Spells: 4/4 levels left

rFire   . . .        a - +2 mace (protect)
rCold   . . .        (no shield)
rNeg    + . .        k - +0 storm dragon scales
rPois   .            (helmet restricted)
rElec   +            (no cloak)
rCorr   .            (no gloves)
SInv    .            (no boots)
Will    .....        l - amulet of the acrobat Stlth
                     g - ring of positive energy
HPRegen 0.27/turn    q - +6 ring of strength
MPRegen 0.09/turn

%: acrobat
@: under a protective aura, on berserk cooldown, slowed, very slow
A: horns 2, retaliatory headbutt
a: Renounce Religion, Berserk, Trog's Hand


You were on level 4 of the Dungeon.
You worshipped Trog.
Trog was most pleased with you.
You visited 1 branch of the dungeon, and saw 4 of its levels.

You collected 227 gold pieces.

Inventory:

Hand Weapons
 a - a +2 mace of protection (weapon)
 b - a +0 war axe
 s - a +0 morningstar
Missiles
 n - 8 poisoned darts (quivered)
Armour
 k - +0 storm dragon scales (worn)
Jewellery
 g - a ring of positive energy (left hand)
 l - an amulet of the acrobat (around neck)
 q - a +6 ring of strength (right hand)
Scrolls
 d - 2 scrolls of fear {unknown}
 e - a scroll of silence {unknown}
 h - a scroll of blinking {unknown}
 i - a scroll of enchant weapon {unknown}
 j - a scroll of vulnerability {unknown}
 m - a scroll of acquirement {unknown}
 o - 2 scrolls of identify {unknown}
 p - a scroll of immolation {unknown}
Potions
 c - 4 potions of curing
 f - a potion of haste {unknown}
 r - a potion of ambrosia {unknown}


   Skills:
 - Level 3.8 Fighting
 + Level 7.5 Axes
 - Level 2.7 Armour
 - Level 2.4 Dodging


You had 4 spell levels left.
You didn't know any spells.
Your spell library was empty.

Dungeon Overview and Level Annotations

Branches:
Dungeon (4/15)
 Temple: D:4-7

Altars:

Annotations:
D:4 Edmund


Innate Abilities, Weirdness & Mutations

You have a pair of horns on your head.
You reflexively headbutt those who attack you in melee.


Message History

The ball python is severely wounded.
The ball python bites you but does no damage.
The ball python grabs you. The ball python constricts you.
You barely miss the ball python.
The ball python is severely wounded.
The ball python barely misses you. You furiously retaliate!
You headbutt the ball python!
You kill the ball python!
Trog accepts your kill. Edmund hits you with a +2 heavy flail!
The ball python barely misses you. The ball python constricts you.
You escape the ball python's grasp.
Found a scale mail.
You see here a ball python corpse.
You thump the ball python!
You kill the ball python!
Trog accepts your kill.
The ball python bites you but does no damage.
The ball python grabs you. The ball python constricts you.
You sock the ball python!
You kill the ball python!
Trog accepts your kill.
You are no longer berserk.
You are exhausted.
You feel yourself slow down. Edmund hits you with a +2 heavy flail!
You hit Edmund but do no damage. Your headbutt misses Edmund.
Edmund barely misses you.
You hit Edmund.
Edmund is lightly wounded.
Edmund hits you with a +2 heavy flail!
You sock Edmund! Your headbutt misses Edmund.
Edmund is moderately wounded.
Edmund hits you with a +2 heavy flail.
You sock Edmund! Your headbutt misses Edmund.
Edmund is heavily wounded.
Edmund hits you with a +2 heavy flail!
You hit Edmund.
Edmund is severely wounded.
Edmund hits you but does no damage. Edmund hits you with a +2 heavy flail!
You die...
Edmund whines, "They better pay attention to me now!"

............#...
..................
.............#.....
.......#........
................
...^............
..>............[
......††........
.###...@@.......
##......>....
.........#.....
..##............
#........#...
..............
...#.....######
#####...##


You could see Edmund.

Vanquished Creatures
  A water moccasin (D:3)
  Natasha (D:4)
  2 adders (D:2)
  A ribbon worm (D:2)
  3 dart slugs
  5 orcs (D:3)
  6 endoplasms
  A giant cockroach (D:2)
  5 goblins
  9 hobgoblins
  5 jackals (D:1)
  3 kobolds
  A quokka (D:1)
  13 ball pythons
  6 bats
  4 frilled lizards
  8 rats
74 creatures vanquished.

Notes
Turn   | Place    | Note
-------+----------+-------------------------------------------
     0 | D:1      | swappor the Minotaur Berserker began the quest for the Orb.
     0 | D:1      | Reached XP level 1. HP: 19/19 MP: 0/0
    76 | D:1      | Reached XP level 2. HP: 14/27 MP: 1/1
   187 | D:1      | Reached skill level 4 in Axes
   454 | D:1      | Reached ** piety under Trog
   581 | D:1      | Reached XP level 3. HP: 32/33 MP: 2/2
   825 | D:2      | Reached skill level 5 in Axes
  1088 | D:2      | Reached XP level 4. HP: 38/40 MP: 3/3
  1807 | D:3      | Reached skill level 6 in Axes
  1990 | D:3      | Noticed a water moccasin
  2010 | D:3      | Killed a water moccasin
  2011 | D:3      | Reached skill level 7 in Axes
  2011 | D:3      | Reached XP level 5. HP: 32/46 MP: 4/4
  2446 | D:4      | Noticed Edmund
  2446 | D:4      | Noticed Natasha
  2493 | D:4      | Killed Natasha
  2500 | D:4      | Reached *** piety under Trog
  2506 | D:4      | Slain by Edmund

Illustrated notes

Levels and vault maps discovered:
D:1:      dpeg_arrival_erosion, layout_rooms, chequers_serial_rivers_large_a
D:2:      layout_basic, minmay_split_cup_large
D:3:      layout_loops_ring, hangedman_decor_growths, corner_web_ring,
          st_stairs_8, chequers_serial_rivers_small_b, minivault_19
D:4:      layout_rooms, uniq_grinder, uniq_edmund, uniq_natasha

Skill      XL: |  1  2  3  4 |
---------------+-------------+-----
Axes           | 4 5 7 |  7.5
Fighting       | |  3.8
Armour         | |  2.7
Dodging        | |  2.4

Action                     |  1- 3 |  4- 6 || total
---------------------------+-------+-------++-------
  Melee: Hand axe          |    78 |    36 ||   114
         Headbutt          |     5 |     7 ||    12
         Punch             |     1 |     1 ||     2
         Mace              |       |    46 ||    46
         War axe           |       |     9 ||     9
 Invoke: Berserk           |     1 |     1 ||     2
    Use: Potion            |       |     1 ||     1
 Armour: Animal skin       |    32 |       ||    32
         Storm dragon scal |    26 |    88 ||   114
  Dodge: Dodged            |    40 |    51 ||    91

Table legend: (Time is in decaauts)
 A = Elapsed time spent in this place.
 B = Non-inter-level travel time spent in this place.
 C = Inter-level travel time spent in this place.
 D = Time resting spent in this place.
 E = Time spent auto-exploring this place.
 F = Levels seen in this place.
 G = Mean time per level.
                   A        B        C        D        E       F      G
               +--------+--------+--------+--------+--------+-----+--------+
         Total |   2534 |   2281 |    253 |    134 |   1542 |   4 |  633.5 |
       Dungeon |   2534 |   2281 |    253 |    134 |   1542 |   4 |  633.5 |
               +--------+--------+--------+--------+--------+-----+--------+

Top non-repeatable levels by time:
     D:3: 881 daAuts
     D:1: 841 daAuts
     D:2: 785 daAuts
     D:4: 26 daAuts
